 Dungeon Crawl Stone Soup version 0.29-a0-322-g68df515428 (webtiles) character file.

Game seed: 8962610188691402902

1542 wakim the Ruffian (level 8, -2/67 (79) HPs)
             Began as a Troll Fighter on Apr 6, 2022.
             Was a Believer of Qazlal.
             Slain by a wight
             ... wielding a +0 battleaxe
              (5 damage)
             ... on level 6 of the Dungeon.
             The game lasted 00:11:47 (4314 turns).

wakim the Ruffian (Troll Fighter)                   Turns: 4314, Time: 00:11:48

HP:   -2/67 (79)    AC:  5    Str: 25    XL:     8   Next: 56%
MP:   8/9           EV:  8    Int:  6    God:    Qazlal [**....]
Gold: 297           SH: 11    Dex:  9    Spells: 7/7 levels left

rFire   . . .      SeeInvis +     - Unarmed
rCold   . . .      Faith    .   T - +0 kite shield
rNeg    . . .      Spirit   .   a - +0 robe
rPois   .          Reflect  .   (helmet restricted)
rElec   .          Harm     .   M - +0 cloak
rCorr   .          Rampage  .   (gloves unavailable)
Will    .....                   (boots unavailable)
Stlth   +.........              (no amulet)
HPRegen 1.01/turn               Q - ring of see invisible
MPRegen 0.11/turn               (no ring)

@: heavily drained
A: large, unfitting armour, claws 3, regeneration 1, shaggy fur 1, tough skin 1
a: Renounce Religion, Upheaval


You were on level 6 of the Dungeon.
You worshipped Qazlal.
Qazlal was pleased with you.
You visited 1 branch of the dungeon, and saw 6 of its levels.

You collected 349 gold pieces.
You spent 52 gold pieces at shops.

Inventory:

Hand Weapons
 b - a +4 spear
Missiles
 E - 2 throwing nets (quivered) {=f!f}
Armour
 a - a +0 robe (worn)
 M - a +0 cloak (worn)
 T - a +0 kite shield (worn)
Jewellery
 Q - a ring of see invisible (left claw)
Wands
 t - a wand of digging (4)
 v - a wand of flame (18)
 w - a wand of acid (10)
Scrolls
 J - a scroll of teleportation {unknown}
 L - a scroll of brand weapon {unknown}
 P - 2 scrolls of summoning {unknown}
 R - a scroll of vulnerability {unknown}
 S - a scroll of fear {unknown}
 U - 2 scrolls of enchant weapon {unknown}
 V - 2 scrolls of blinking {unknown}
 W - 2 scrolls of identify {unknown}
 X - a scroll of holy word {unknown}
 Y - a scroll of immolation {unknown}
Potions
 F - 2 potions of curing
 G - a potion of heal wounds {unknown}
 H - a potion of haste {unknown}
 I - a potion of berserk rage {unknown}
 K - a potion of invisibility {unknown}
 N - a potion of might
 O - a potion of mutation {unknown}
 Z - a potion of magic {unknown}


   Skills:
 + Level 4.4 Fighting
 - Level 2.4 Dodging
 * Level 5.8 Shields
 * Level 6.7 Unarmed Combat
 + Level 3.1 Invocations


You had 7 spell levels left.
You didn't know any spells.
Your spell library contained the following spells:

 Spells                   Type           Power      Damage    Failure   Level
 Animate Skeleton         Necr           0%         N/A       71%         1
 Pain                     Necr           0%         1d4       71%         1
 Vampiric Draining        Necr           0%         2d6       97%         3
 Dispersal                Tloc           0%         N/A       100%        6
 Disjunction              Tloc           0%         N/A       100%        8


Dungeon Overview and Level Annotations

Branches:
Dungeon (6/15)
 Temple: D:4-7

Altars:
Hepliaklqana
Qazlal
Ru

Shops:
D:2 [   D:3 (   D:4 :*!*[


Innate Abilities, Weirdness & Mutations

You are too large for most types of armour.
You have claws for hands.
Your natural rate of healing is unusually fast.
You are covered in fur. (AC +1)
You have tough skin. (AC +1)


Message History

The wight attacks as you move away! The wight hits you with a +0 battleaxe!
* * * LOW HITPOINT WARNING * * *
You feel drained.
* * * LOW HITPOINT WARNING * * *
11/71 (-11) 12/71 (+1) 13/71 (+1)
The white imp shouts, "Tremble, thou feckless fly-bitten codpiece!" 14/71 (+1)
The wight attacks as you move away!
You block the wight's attack. 15/71 (+1)
The wight attacks as you move away! The wight hits you with a +0 battleaxe.
* * * LOW HITPOINT WARNING * * *
You feel drained.
* * * LOW HITPOINT WARNING * * *
12/70 (-3)
The wight attacks as you move away!
You block the wight's attack. 13/70 (+1) 14/70 (+1)
The wight attacks as you move away!
The wight barely misses you. 15/70 (+1) 16/70 (+1)
You scratch the wight.
The wight is heavily damaged.
The wight hits you but does no damage. 17/70 (+1)
You closely miss the wight.
The wight is heavily damaged.
The wight barely misses you. 18/70 (+1)
You barely miss the wight.
The wight is heavily damaged.
The wight closely misses you. 19/70 (+1)
You barely miss the wight.
The wight is heavily damaged.
The wight hits you with a +0 battleaxe!
* * * LOW HITPOINT WARNING * * *
You feel drained.
You die...

########## ######
.........###########....###
.#.#.#.#.##..z5z@.........#
.....(....#.########.(#.#.#
.#.#.#.#.z..# #......###
.........##.# #..#.#....
.#.#.#.#.##.# ######.....##
..........#.#
#.............
.#.#.#.#..#.#
#.####..#####.
..........#.# #.# #..#
...#####..#.# ##.####..# #


You could see 2 wights and a white imp.

Vanquished Creatures
  Edmund (D:4)
  A black bear (D:4)
  A sky beast (D:5)
  2 ogres
  2 phantoms
  A bullfrog (D:6)
  A necrophage (D:4)
  2 scorpions (D:5)
  2 wights (D:6)
  3 jellies
  Crazy Yiuf (D:3)
  A hound (D:5)
  A gnoll shaman (D:5)
  Jessica (D:3)
  Terence (D:3)
  An iguana (D:4)
  Robin (D:2)
  6 adders
  12 gnolls
  2 ufetubi
  A worm (D:2)
  5 dart slugs
  11 orcs
  5 ball pythons
  6 endoplasms
  A giant cockroach (D:1)
  16 goblins
  10 hobgoblins
  7 jackals
  5 quokkas
  8 bats
  4 frilled lizards
  4 kobolds
  22 rats
148 creatures vanquished.

Notes
Turn   | Place    | Note
-------+----------+-------------------------------------------
     0 | D:1      | wakim the Troll Fighter began the quest for the Orb.
     0 | D:1      | Reached XP level 1. HP: 22/22 MP: 0/0
    53 | D:1      | Found a faded altar of an unknown god.
   172 | D:1      | Reached XP level 2. HP: 26/29 MP: 1/1
   304 | D:1      | Reached XP level 3. HP: 34/36 MP: 2/2
   903 | D:2      | Found Atryxte's Armour Boutique.
   915 | D:2      | Noticed Robin
   920 | D:2      | Killed Robin
   921 | D:2      | Reached skill level 3 in Unarmed Combat
  1049 | D:2      | Reached XP level 4. HP: 41/44 MP: 1/3
  1174 | D:2      | !bestwep
  1771 | D:3      | Noticed Jessica
  1782 | D:3      | Killed Jessica
  1783 | D:3      | Reached XP level 5. HP: 50/53 MP: 4/4
  1809 | D:3      | Found Vuptelac's Weapon Boutique.
  1950 | D:3      | Found a stormy altar of Qazlal.
  1978 | D:3      | Became a worshipper of Qazlal Stormbringer
  2132 | D:3      | Reached * piety under Qazlal
  2193 | D:3      | Noticed Terence
  2204 | D:3      | Killed Terence
  2205 | D:3      | Reached skill level 4 in Unarmed Combat
  2355 | D:3      | Found a runed translucent door.
  2356 | D:3      | Noticed Crazy Yiuf
  2362 | D:3      | Killed Crazy Yiuf
  2427 | D:4      | Reached XP level 6. HP: 61/61 MP: 5/5
  2444 | D:4      | Found Gaxzisoo's Book Shop.
  2465 | D:4      | Reached skill level 1 in Invocations
  2643 | D:4      | Noticed Edmund
  2665 | D:4      | Found Kilit's General Store.
  2744 | D:4      | Killed Edmund
  2745 | D:4      | Reached skill level 5 in Unarmed Combat
  2745 | D:4      | Reached XP level 7. HP: 67/67 MP: 5/7
  2836 | D:4      | Found Sicvobiuj's Distillery.
  2841 | D:4      | Bought a potion of curing for 39 gold pieces
  2841 | D:4      | Bought a potion of degeneration for 13 gold pieces
  2998 | D:4      | Found Hiju's Armour Shop.
  3022 | D:4      | Found Heowkax's General Store.
  3526 | D:5      | Entered Level 5 of the Dungeon
  3561 | D:5      | Reached skill level 5 in Shields
  3748 | D:5      | Reached XP level 8. HP: 77/78 MP: 8/8
  3806 | D:5      | Reached ** piety under Qazlal
  3827 | D:5      | Reached skill level 6 in Unarmed Combat
  4091 | D:5      | Found a hazy altar of Hepliaklqana.
  4194 | D:6      | Found a sacrificial altar of Ru.
  4314 | D:6      | HP: 3/70 [wight/+0 battleaxe (17)]
  4314 | D:6      | Slain by a wight

Illustrated notes

........†)..........+
.....#######.......##
......# #.#..##.#
##....# #.#.###.#
###.#.# #...# #.#
#...#.# #.### #.#
#<###.# #.#####.# #.#
#.# #.......# #.###.#
#....@.## ......#
#####.## #.##### #.#
#.# ... #.# .#.? ..#
##.#.# ### # ##


Turn 1174 on D:2: !bestwep

Levels and vault maps discovered:
D:1:      dpeg_arrival_simpleton_b, layout_basic,
          chequers_ecumenical_altar_simple
D:2:      layout_loops_corners, serial_shops, nicolae_shop_hallway_plus,
          uniq_robin
D:3:      layout_rooms, grunt_qazlal_sundering, serial_shops,
          nicolae_shop_bloodbath_and_beyond, minmay_rat_hole, uniq_terence,
          uniq_crazy_yiuf_cottage, uniq_jessica
D:4:      layout_gridville, serial_shops, nicolae_take_the_stairs,
          nicolae_inconvenience_store, nicolae_shop_trees,
          nicolae_shop_temple_entry_statues_fountains,
          nicolae_shop_hallway_plus, minmay_surrounded, uniq_edmund
D:5:      layout_rooms, nicolae_hepliaklqana_hippocampus
D:6:      layout_loops_ring, mainiacjoe_overflow_boulevard, serial_glass,
          glass_columns_a, glass_columns_b, glass_columns_a, glass_columns_a,
          glass_columns_c, glass_columns_c, minmay_misc_feat_pillars,
          uniq_eustachio, uniq_maggie

Skill      XL: |  1  2  3  4  5  6  7  8 |
---------------+-------------------------+-----
Shields        | 3 4 5 |  5.8
Unarmed Combat | 3 4 5 6 |  6.7
Fighting       | 3 4 |  4.4
Invocations    | 1 2 3 |  3.1
Dodging        | |  2.4

Action                   |  1- 3 |  4- 6 |  7- 9 || total
-------------------------+-------+-------+-------++-------
Melee: Unarmed           |   111 |   200 |   135 ||   446
Invok: Upheaval          |       |       |     1 ||     1
  Use: Potion            |       |       |     1 ||     1
Armor: Robe              |    41 |    75 |    32 ||   148
Dodge: Dodged            |    39 |   134 |    48 ||   221
Block: Kite shield       |    54 |   149 |    76 ||   279

Table legend: (Time is in decaauts)
 A = Elapsed time spent in this place.
 B = Non-inter-level travel time spent in this place.
 C = Inter-level travel time spent in this place.
 D = Time resting spent in this place.
 E = Time spent auto-exploring this place.
 F = Levels seen in this place.
 G = Mean time per level.
                   A        B        C        D        E       F      G
               +--------+--------+--------+--------+--------+-----+--------+
         Total |   4342 |   4073 |    269 |     12 |   2880 |   6 |  723.7 |
       Dungeon |   4342 |   4073 |    269 |     12 |   2880 |   6 |  723.7 |
               +--------+--------+--------+--------+--------+-----+--------+

Top non-repeatable levels by time:
     D:4: 1076 daAuts
     D:1: 955 daAuts
     D:2: 824 daAuts
     D:3: 698 daAuts
     D:5: 619 daAuts
     D:6: 169 daAuts
